 Dungeon Crawl Stone Soup version 0.22.1-6-g1668fe2c40 (webtiles) character file.

63 Rediskos the Skirmisher (level 4, -5/40 HPs)
             Began as a Hill Orc Fighter on Jan 18, 2019.
             Killed from afar by an orc wizard (8 damage)
             ... with a magic dart
             ... on level 2 of the Dungeon.
             The game lasted 00:03:39 (1353 turns).

Rediskos the Skirmisher (Hill Orc Fighter)          Turns: 1353, Time: 00:03:39

Health: -5/40      AC:  8    Str: 19    XL:     4   Next: 10%
Magic:  4/4        EV:  7    Int:  8    God:
Gold:   67         SH:  9    Dex: 10    Spells: 3/3 levels left

rFire    . . .     SeeInvis .   a - +0 trident
rCold    . . .     Gourm    .   c - +0 shield
rNeg     . . .     Faith    .   b - +0 scale mail
rPois    .         Spirit   .   (no helmet)
rElec    .         Reflect  .   (no cloak)
rCorr    .         Harm     .   e - +0 pair of gloves
MR       .....                  (no boots)
Stlth    ..........             (no amulet)
HPRegen  0.13/turn              (no ring)
MPRegen  0.09/turn              (no ring)

@: no status effects
A: no striking features
a: no special abilities


You were on level 2 of the Dungeon.
You were not hungry.

You visited 1 branch of the dungeon, and saw 2 of its levels.

You collected 67 gold pieces.

Inventory:

Hand Weapons
 a - a +0 trident (weapon)
Armour
 b - a +0 scale mail (worn)
 c - a +0 shield (worn)
 e - a +0 pair of gloves (worn)
Jewellery
 h - a cursed ring of teleportation {unknown}
Scrolls
 j - a scroll of identify
 k - a scroll of random uselessness {unknown}
 m - a scroll of noise {unknown}
Potions
 d - a potion of might
 i - a potion of heal wounds {unknown}
 l - a potion of curing {unknown}
 n - 2 potions of flight
Comestibles
 f - 2 rations


   Skills:
 + Level 4.2 Fighting
 * Level 3.4 Polearms
 + Level 3.7 Armour
 + Level 3.7 Shields


You had 3 spell levels left.
You didn't know any spells.
Your spell library was empty.

Dungeon Overview and Level Annotations

Branches:
Dungeon (2/15)

Altars:
Kikubaaqudgha
Zin


Message History

The orc wizard mumbles some strange words.
The orc wizard seems to speed up.
The hobgoblin hits you but does no damage.
You block the orc warrior's attack.
You miss the orc wizard.
The orc wizard is heavily wounded.
The orc wizard casts a spell.
The orc wizard blinks!
The orc wizard casts a spell.
The orc wizard blinks!
The hobgoblin hits you with a club.
The orc wizard is no longer moving quickly.
The hobgoblin hits you but does no damage.
The orc warrior hits you from afar with a halberd!
* * * LOW HITPOINT WARNING * * *
The orc wizard mumbles some strange words.
The orc wizard seems to speed up.
The orc wizard hits you but does no damage.
The orc wizard gestures at you while chanting.
The magic dart hits you!
You die...

.........# .#....... ... .......#
#.. ......# #.# .....######.# #
#..#......#.# #.##.##......#.#
#....o.@.....#.# .#
####.##........######### .#.#
#####.g##.................
.....###.....########..####......
... ........## #.## #.......
#.####...##.# ##.# #.......
.........##.#### ##..# #.......
.#.#####g.#o)o.# #..## #.......
.#.# #..##o.# #.## #.......


You could see an orc wizard.

Vanquished Creatures
  3 adders
  A worm (D:2)
  2 leopard geckos (D:1)
  2 goblins (D:1)
  4 hobgoblins
  3 jackals (D:2)
  A quokka (D:2)
  8 bats
  5 kobolds
  3 rats (D:1)
32 creatures vanquished.

Notes
Turn   | Place    | Note
-------+----------+-------------------------------------------
     0 | D:1      | Rediskos the Hill Orc Fighter began the quest for the Orb.
     0 | D:1      | Reached XP level 1. HP: 19/19 MP: 1/1
   300 | D:1      | Reached XP level 2. HP: 27/27 MP: 2/2
   567 | D:1      | Found an ancient bone altar of Kikubaaqudgha.
   927 | D:1      | Reached skill level 4 in Fighting
   927 | D:1      | Reached XP level 3. HP: 17/33 MP: 3/3
  1261 | D:2      | Found a glowing silver altar of Zin.
  1273 | D:2      | Reached XP level 4. HP: 38/40 MP: 4/4
  1313 | D:2      | Noticed an orc warrior
  1345 | D:2      | HP: 2/40 [orc warrior/halberd (11)]
  1353 | D:2      | Killed from afar by an orc wizard

Skill      XL: |  1  2 |
---------------+-------+-----
Fighting       | 4 |  4.2
Polearms       | 3 |  3.4
Armour         | |  3.7
Shields        | |  3.7

Action                   |  1- 3 |  4- 6 || total
-------------------------+-------+-------++-------
Melee: Trident           |   116 |    20 ||   136
  Use: Scroll            |       |     1 ||     1
  Eat: Chunk             |     1 |     1 ||     2
Armor: Scale mail        |    43 |     6 ||    49
Dodge: Dodged            |    29 |     3 ||    32
Block: Shield            |    49 |    17 ||    66
